 Dungeon Crawl Stone Soup version 0.29.0-4-gdea44cf6ec (webtiles) character file.

Game seed: 4248964443802163331

101 qw the Chopper (level 4, 0/26 HPs)
             Began as a Tengu Warper on Aug 28, 2022.
             Slain by a gnoll
             ... wielding a +0 flail of protection
              (8 damage)
             ... on level 2 of the Dungeon.
             The game lasted 00:00:15 (2107 turns).

qw the Chopper (Tengu Warper)                       Turns: 2107, Time: 00:00:16

Health: 0/26       AC:  5    Str: 14    XL:     4   Next: 75%
Magic:  8/8        EV: 11    Int: 16    God:
Gold:   77         SH:  0    Dex: 16    Spells: 7/7 levels left

rFire   . . .      SeeInvis .   c - +6 hand axe of the Real Monster {vorpal, rN+ Int+3 Dex+3}
rCold   . . .      Faith    .   (no shield)
rNeg    + . .      Spirit   .   d - +0 ring mail
rPois   .          Reflect  .   (helmet restricted)
rElec   .          Harm     .   (no cloak)
rCorr   .          Rampage  .   (no gloves)
Will    +....                   (boots unavailable)
Stlth   +.........              i - amulet of the acrobat
HPRegen 0.08/turn               h - ring of willpower
MPRegen 0.11/turn               (no ring)

@: no status effects
A: beak, talons 3
a: no special abilities


You were on level 2 of the Dungeon.
You visited 1 branch of the dungeon, and saw 2 of its levels.

You collected 77 gold pieces.


Innate Abilities, Weirdness & Mutations

You have a beak for a mouth.
You have claws for feet.


   Skills:
 - Level 2.0 Fighting
 + Level 5.3 Axes
 - Level 1.0 Throwing
 - Level 1.1 Armour
 - Level 2.1 Dodging
 - Level 2.0 Spellcasting
 - Level 2.4 Translocations


You had 7 spell levels left.
You didn't know any spells.
Your spell library contained the following spells:

 Spells                   Type           Power      Damage    Failure   Level
 Blink                    Tloc           18%        N/A       24%         2
 Gell's Gravitas          Tloc           9%         N/A       43%         3
 Lesser Beckoning         Tloc           9%         N/A       43%         3
 Teleport Other           Tloc           9%         N/A       43%         3
 Manifold Assault         Tloc           9%         N/A       99%         5

Inventory:

Hand Weapons
 c - the +6 hand axe of the Real Monster (weapon) {vorpal, rN+ Int+3 Dex+3}
   (You found it on level 2 of the Dungeon)

   It inflicts extra damage upon your enemies.
   Int:       It affects your intelligence (+3).
   Dex:       It affects your dexterity (+3).
   rN:        It protects you from negative energy.
 j - a +0 club
Armour
 d - a +0 ring mail (worn)
 e - a +0 chain mail
Jewellery
 h - a ring of willpower (left hand)
 i - an amulet of the acrobat (around neck)
Scrolls
 a - 5 scrolls of identify
 f - 3 scrolls of teleportation
 g - a scroll of noise {unknown}
 k - a scroll of immolation {unknown}
 l - a scroll of silence {unknown}
 m - a scroll of amnesia {unknown}
Potions
 b - a potion of curing {unknown}

Dungeon Overview and Level Annotations

Branches:
Dungeon (2/15)

Altars:


Message History

You kill the goblin!
You start resting.
An endoplasm comes into view.
The endoplasm quivers.
You slash the endoplasm!
You kill the endoplasm!
You start resting.
HP restored.
Things that are here:
a +0 club; 6 stones
m - a scroll labelled AFOFITETUDGH
Items here: % ( ) [.
A hobgoblin is nearby!
2066 ||| Stepping ~*~*~tactically~*~*~ (stealth).
The hobgoblin shouts!
You barely miss the hobgoblin. You claw the hobgoblin.
The hobgoblin is moderately wounded.
The hobgoblin hits you.
You hit the hobgoblin.
You kill the hobgoblin!
You start resting.
HP restored.
You see here a hobgoblin corpse.
Found a Young Poisoner's Handbook.
A gnoll comes into view.
It is wielding a +0 flail of protection.
The gnoll shouts!
A gnoll comes into view. It is wielding a +0 whip.
2100 ||| Stepping ~*~*~tactically~*~*~ (stealth).
2103 ||| Stepping ~*~*~tactically~*~*~ (stealth).
The gnoll attacks as you move away! The gnoll completely misses you.
You barely miss the gnoll. Your kick misses the gnoll.
The gnoll hits you with a +0 flail of protection.
You barely miss the gnoll. Your kick misses the gnoll.
The gnoll hits you with a +0 flail of protection.
You closely miss the gnoll.
The gnoll hits you with a +0 flail of protection!
You completely miss the gnoll. You peck the gnoll.
The gnoll is lightly wounded.
The gnoll hits you with a +0 flail of protection!
You die...

#......#%####)# #.
##.......# #.# #.
#.......## #.##### #.
#.......#####.#...#####.
#.........#.............
....#.....#.#..#........
..........#.##.#........
.........##.##....#####.
#......@.##.......# #.
########g#####.#.## #.
#...# ##.#.# #.
g..g...........# #.
####..:.####.### ##
#.........#### ####
#...##.....[.###..%
.....#.##.#........
......#.#.#...###..#


You could see a gnoll.

Vanquished Creatures
  A gnoll (D:1)
  2 adders
  A worm (D:2)
  6 bats
  4 endoplasms
  4 giant cockroaches
  5 goblins
  7 hobgoblins
  7 jackals
  2 quokkas
  6 ball pythons
  12 frilled lizards
  3 kobolds (D:2)
  7 rats
67 creatures vanquished.

Notes
Turn   | Place    | Note
-------+----------+-------------------------------------------
     0 | D:1      | qw the Tengu Warper began the quest for the Orb.
     0 | D:1      | Reached XP level 1. HP: 12/12 MP: 4/4
     0 | D:1      | 0 ||| qw: Version: 0.1-a-89-g26bdef1
     0 | D:1      | 0 ||| qw: Game counter: 3011
     0 | D:1      | 0 ||| qw: Always use a shield: true
     0 | D:1      | 0 ||| qw: God list: Okawaru
     0 | D:1      | 0 ||| qw: Allow faded altars: false
     0 | D:1      | 0 ||| qw: Do Orc after D:15 true
     0 | D:1      | 0 ||| qw: Do second Lair branch before Depths: true
     0 | D:1      | 0 ||| qw: Lair rune preference: random
     0 | D:1      | 0 ||| qw: Plans: Normal
     0 | D:1      | 0 ||| PLANNING D:1-11
   212 | D:1      | Reached skill level 3 in Axes
   212 | D:1      | Reached XP level 2. HP: 17/17 MP: 6/6
   245 | D:1      | HP: 3/17 [gnoll/+0 spear (5)]
   668 | D:1      | Reached XP level 3. HP: 20/21 MP: 7/7
   672 | D:1      | 672 ||| Stepping ~*~*~tactically~*~*~ (stealth).
   856 | D:1      | Reached skill level 4 in Axes
   886 | D:1      | 886 ||| Stepping ~*~*~tactically~*~*~ (stealth).
   892 | D:1      | HP: 2/21 [frozen (4)]
   896 | D:1      | 896 ||| Stepping ~*~*~tactically~*~*~ (stealth).
   897 | D:1      | 897 ||| Stepping ~*~*~tactically~*~*~ (stealth).
   909 | D:1      | 909 ||| Stepping ~*~*~tactically~*~*~ (stealth).
   910 | D:1      | 910 ||| Stepping ~*~*~tactically~*~*~ (stealth).
   931 | D:1      | 931 ||| Stepping ~*~*~tactically~*~*~ (stealth).
   938 | D:1      | 938 ||| Stepping ~*~*~tactically~*~*~ (stealth).
   947 | D:1      | 947 ||| Stepping ~*~*~tactically~*~*~ (stealth).
   948 | D:1      | 948 ||| Stepping ~*~*~tactically~*~*~ (stealth).
   954 | D:1      | 954 ||| Stepping ~*~*~tactically~*~*~ (stealth).
   955 | D:1      | 955 ||| Stepping ~*~*~tactically~*~*~ (stealth).
  1420 | D:1      | 1420 ||| UPGRADING to +0 ring mail.
  1430 | D:1      | 1430 ||| DROPPING +0 leather armour.
  1431 | D:1      | 1431 ||| UPGRADING to amulet of the acrobat.
  1436 | D:1      | 1436 ||| UPGRADING to ring of willpower.
  1437 | D:1      | 1437 ||| READING 6 scrolls labelled GEDDEC HANNO.
  1438 | D:1      | 1438 ||| READING 4 scrolls labelled AHUPRE JERAU.
  1443 | D:1      | 1443 ||| READING 5 scrolls of identify.
  1443 | D:1      | 1443 ||| IDENTIFYING fuming ruby potion
  1444 | D:1      | 1444 ||| DROPPING scroll of blinking.
  1445 | D:1      | 1445 ||| DROPPING potion of attraction.
  1468 | D:2      | 1468 ||| STAIRDANCE
  1534 | D:2      | Reached XP level 4. HP: 26/26 MP: 8/8
  1550 | D:2      | 1550 ||| Stepping ~*~*~tactically~*~*~ (stealth).
  1565 | D:2      | Identified the +6 hand axe of the Real Monster {vorpal, rN+
                  | Int+3 Dex+3}
  1567 | D:2      | 1567 ||| SWAPPING to +6 hand axe of the Real Monster
                  | {vorpal, rN+ Int+3 Dex+3}.
  1568 | D:2      | 1568 ||| DROPPING +0 hand axe.
  1705 | D:2      | Reached skill level 5 in Axes
  1714 | D:2      | 1714 ||| Stepping ~*~*~tactically~*~*~ (stealth).
  1715 | D:2      | 1715 ||| Stepping ~*~*~tactically~*~*~ (stealth).
  1720 | D:2      | 1720 ||| Stepping ~*~*~tactically~*~*~ (stealth).
  1750 | D:2      | 1750 ||| Stepping ~*~*~tactically~*~*~ (stealth).
  1781 | D:2      | 1781 ||| Stepping ~*~*~tactically~*~*~ (stealth).
  1788 | D:2      | 1788 ||| FLEEEEING.
  1789 | D:2      | 1789 ||| FLEEEEING.
  1790 | D:2      | 1790 ||| FLEEEEING.
  1791 | D:2      | 1791 ||| FLEEEEING.
  1793 | D:2      | 1793 ||| FLEEEEING.
  1794 | D:2      | 1794 ||| FLEEEEING.
  1796 | D:2      | 1796 ||| FLEEEEING.
  1797 | D:2      | 1797 ||| FLEEEEING.
  1798 | D:2      | 1798 ||| FLEEEEING.
  1808 | D:2      | 1808 ||| FLEEEEING.
  1809 | D:2      | 1809 ||| FLEEEEING.
  1817 | D:2      | 1817 ||| FLEEEEING.
  1818 | D:2      | 1818 ||| FLEEEEING.
  1819 | D:2      | 1819 ||| FLEEEEING.
  1820 | D:2      | 1820 ||| FLEEEEING.
  1821 | D:2      | 1821 ||| FLEEEEING.
  1822 | D:2      | 1822 ||| FLEEEEING.
  1823 | D:2      | 1823 ||| FLEEEEING.
  1832 | D:2      | 1832 ||| FLEEEEING.
  1833 | D:2      | 1833 ||| FLEEEEING.
  1834 | D:2      | 1834 ||| FLEEEEING.
  1835 | D:2      | 1835 ||| FLEEEEING.
  2031 | D:2      | 2031 ||| Stepping ~*~*~tactically~*~*~ (stealth).
  2032 | D:2      | 2032 ||| Stepping ~*~*~tactically~*~*~ (stealth).
  2036 | D:2      | 2036 ||| Stepping ~*~*~tactically~*~*~ (stealth).
  2043 | D:2      | 2043 ||| Stepping ~*~*~tactically~*~*~ (stealth).
  2066 | D:2      | 2066 ||| Stepping ~*~*~tactically~*~*~ (stealth).
  2100 | D:2      | 2100 ||| Stepping ~*~*~tactically~*~*~ (stealth).
  2103 | D:2      | 2103 ||| Stepping ~*~*~tactically~*~*~ (stealth).
  2107 | D:2      | Slain by a gnoll

Levels and vault maps discovered:
D:1:      moated_graveyard_arrival, layout_basic, minmay_misc_feat_four_crosses
D:2:      layout_loops_cross, minmay_lizard_pond

Skill      XL: |  1  2  3  4 |
---------------+-------------+-----
Axes           | 3 4 5 |  5.3
Fighting       | |  2.0
Throwing       | |  1.0
Armour         | |  1.1
Dodging        | |  2.1
Spellcasting   | |  2.0
Translocations | |  2.4

Action                   |  1- 3 |  4- 6 || total
-------------------------+-------+-------++-------
Melee: Hand axe          |    67 |    43 ||   110
       Kick              |    17 |    10 ||    27
       Peck              |     3 |     2 ||     5
Throw: Boomerang         |     7 |       ||     7
  Use: Scroll            |     3 |       ||     3
 Stab: Sleeping          |     1 |       ||     1
Armor: Leather armour    |     9 |       ||     9
       Ring mail         |       |     2 ||     2
Dodge: Dodged            |    36 |    15 ||    51

Table legend:
 A = Non-vault XP
 B = Vault XP
 C = Vault XP percentage of total XP
 D = Non-vault monster count
 E = Vault monster count
 F = Vault count percentage of total count
                 A         B        C        D         E       F
            +---------+---------+-------+---------+---------+-------
      Total |     138 |       7 |   4.8 |      60 |       7 |  10.4
            +---------+---------+-------+---------+---------+-------
        D:1 |      80 |       0 |   0.0 |      34 |       0 |   0.0
        D:2 |      58 |       7 |  10.8 |      26 |       7 |  21.2
            +---------+---------+-------+---------+---------+-------
